 Dungeon Crawl Stone Soup version 0.27.1-15-g792fb953b9 (webtiles) character file.

Game seed: 4967130421460861085

322 DenSaoPin the Chopper (level 6, -1/51 HPs)
             Began as a Hill Orc Monk on Nov 18, 2021.
             Succumbed to Duvessa's poison
             ... on level 4 of the Dungeon.
             The game lasted 00:15:04 (3967 turns).

DenSaoPin the Chopper (Hill Orc Monk)               Turns: 3967, Time: 00:15:04

Health: -1/51      AC:  9    Str: 16    XL:     6   Next: 47%
Magic:  6/6        EV:  7    Int: 10    God:
Gold:   115        SH:  0    Dex: 13    Spells: 5/5 levels left

rFire    . . .     SeeInvis .   r - +1 flail (holy)
rCold    . . .     Faith    .   (no shield)
rNeg     . . .     Spirit   .   e - +0 chain mail
rPois    .         Reflect  .   (no helmet)
rElec    .         Harm     .   (no cloak)
rCorr    .         Rampage  .   (no gloves)
Will     .....                  (no boots)
Stlth    ..........             (no amulet)
HPRegen  0.17/turn              (no ring)
MPRegen  0.10/turn              (no ring)

@: lethally poisoned (-1 -> -26)
A: no striking features
a: no special abilities


You were on level 4 of the Dungeon.
You visited 1 branch of the dungeon, and saw 4 of its levels.

You collected 115 gold pieces.

Inventory:

Hand Weapons
 a - a +0 hand axe
 r - a +1 flail of holy wrath (weapon)
Armour
 b - a +0 robe
 c - a +0 ring mail
 e - a +0 chain mail (worn)
 h - a +0 scale mail
 s - a +0 chain mail
 t - a +0 scale mail
Scrolls
 f - a scroll of blinking {unknown}
 g - a scroll of brand weapon {unknown}
 k - 2 scrolls of identify {unknown}
 o - a scroll of holy word {unknown}
 p - 2 scrolls of teleportation {unknown}
 q - a scroll of enchant weapon {unknown}
Potions
 d - a potion of lignification {unknown}
 i - 4 potions of curing {unknown}
 j - a potion of magic {unknown}
 l - a potion of attraction {unknown}
 m - 2 potions of heal wounds {unknown}
 n - a potion of cancellation {unknown}


   Skills:
 - Level 3.6 Fighting
 - Level 5.7(6.3) Axes
 + Level 3.1(4.4) Maces & Flails
 + Level 4.6 Armour
 - Level 2.4 Dodging
 - Level 1.7 Stealth


You had 5 spell levels left.
You didn't know any spells.
Your spell library was empty.

Dungeon Overview and Level Annotations

Branches:
Dungeon (4/15)             Temple (0/1) D:4

Altars:
Makhleb
Nemelex Xobeh
Xom

Annotations:
D:4 Dowan, Duvessa


Message History

Found a stone staircase leading down.
An endoplasm and an orc come into view.
An orc comes into view. It is wielding a +0 short sword.
The orc shouts!
You hear a shout!
Dowan, Brother of Duvessa comes into view.
He is wielding a +0 dagger.
The endoplasm freezes you.
You are frozen.
Dowan shouts!
You hit the endoplasm.
You kill the endoplasm!
An orc comes into view. It is wielding a +0 falchion.
Found an inky potion.
Dowan hits you but does no damage.
You hit Dowan.
Dowan is lightly wounded.
Dowan gestures wildly while chanting.
Dowan blinks!
Duvessa, Sister of Dowan comes into view.
She is wielding a +2 short sword of venom.
Found a long sword.
Duvessa hits you with a +2 short sword of venom!
You are poisoned.
You sock Duvessa!
Duvessa is moderately wounded.
You feel very sick.
Duvessa hits you with a +2 short sword of venom!
You are more poisoned.
You hit Duvessa but do no damage.
Duvessa is moderately wounded.
You feel very sick. The orc hits you with a +0 war axe.
Duvessa hits you with a +2 short sword of venom!
* * * LOW HITPOINT WARNING * * *
You are more poisoned.
An adder comes into view.
Found a scroll labelled SAGRIE REZIQY XIH.
* * * LOW HITPOINT WARNING * * *
You feel extremely sick.
The adder hisses angrily.
Duvessa drinks a potion.
Duvessa seems to grow stronger.
You die...

. #n#o##.# . #.#.##.#
... . #.n..#.# .. .#
.########n# .. ..#
........#.# #.## ..#
#######.#.#####..##..#
#.......#.<........#
#.###.###.# #....# #
#(# #.# #.# #@..#.#.#
###)# #.###.#
#....!.)# ....#
#....<# #oeS#?###
.#### #####.#
#.#.....# .#
#.####e#.#.#.# .#
#.e..oo#...# .#
######.# ..# .###
....... ...# #.##..#.


You could see Duvessa (strong), Dowan, an adder and 3 orcs.

Vanquished Creatures
  A necrophage (D:4)
  3 iron imps (D:3)
  An orc wizard (D:3)
  A hound skeleton (D:4)
  2 adders (D:2)
  2 ufetubi (D:4)
  A worm (D:2)
  2 dart slugs
  8 orcs
  4 ball pythons
  9 endoplasms
  2 giant cockroaches
  7 goblins
  5 hobgoblins
  4 jackals (D:1)
  A kobold (D:3)
  6 quokkas
  6 bats (D:1)
  A frilled lizard (D:3)
  4 rats
70 creatures vanquished.

Notes
Turn   | Place    | Note
-------+----------+-------------------------------------------
     0 | D:1      | DenSaoPin the Hill Orc Monk began the quest for the Orb.
     0 | D:1      | Reached XP level 1. HP: 19/19 MP: 1/1
   276 | D:1      | Reached skill level 1 in Armour
   276 | D:1      | Reached XP level 2. HP: 25/26 MP: 2/2
   276 | D:1      | Found a faded altar of an unknown god.
   704 | D:1      | Reached XP level 3. HP: 31/31 MP: 3/3
  1681 | D:2      | Reached skill level 5 in Axes
  1752 | D:2      | Found a sparkling altar of Nemelex Xobeh.
  1969 | D:2      | Reached XP level 4. HP: 37/39 MP: 4/4
  2636 | D:3      | Found a shimmering altar of Xom.
  2639 | D:3      | Found a shimmering altar of Xom.
  2639 | D:3      | Found a shimmering altar of Xom.
  2981 | D:3      | Found a shimmering altar of Xom.
  3029 | D:3      | Found a burning altar of Makhleb.
  3044 | D:3      | Upgraded the game from 0.27.1-4-g1640c2035a to
                  | 0.27.1-15-g792fb953b9
  3187 | D:3      | Reached XP level 5. HP: 43/45 MP: 5/5
  3418 | D:3      | Reached skill level 1 in Maces & Flails
  3673 | D:4      | Found a staircase to the Ecumenical Temple.
  3674 | D:4      | Noticed a necrophage
  3684 | D:4      | Reached XP level 6. HP: 44/51 MP: 6/6
  3755 | D:4      | Killed a necrophage
  3957 | D:4      | Noticed Dowan
  3962 | D:4      | Noticed Duvessa
  3967 | D:4      | Succumbed to Duvessa's poison

Illustrated notes

Levels and vault maps discovered:
D:1:      dpeg_arrival_tiny_b, layout_loops_cross, ebering_ecumenical_altar_box,
          serial_co_window_serial, co_window_paths_a, co_window_corner_a,
          co_window_paths_b, co_window_paths_b, co_window_paths_a,
          co_window_paths_c, co_window_unsneaky_path_c, co_window_2corner,
          co_window_broadway_c, co_window_broadway_b, co_window_broadway_b,
          glass_columns_c, glass_columns_c, glass_columns_b
D:2:      layout_rooms, basic_altar
D:3:      layout_basic, xom_redecorated, demons_altar
D:4:      layout_basic, nicolae_qazlal_eye_of_the_storm,
          minmay_temple_entry_drinking_statues, uniq_duvessa

Skill      XL: |  1  2  3  4  5  6 |
---------------+-------------------+-----
Armour         | 1 2 3 4 |  4.6
Axes           | 5 |  5.7
Maces & Flails | 2 3 |  3.1
Fighting       | |  3.6
Dodging        | |  2.4
Stealth        | |  1.7

Action                   |  1- 3 |  4- 6 || total
-------------------------+-------+-------++-------
Melee: Hand axe          |   154 |    47 ||   201
       Flail             |       |    66 ||    66
 Stab: Sleeping          |       |     1 ||     1
Armor: Ring mail         |    52 |     8 ||    60
       Robe              |     4 |       ||     4
       Chain mail        |       |    34 ||    34
Dodge: Dodged            |   115 |    57 ||   172
